Map: 强酸工厂 - 天梯版

Players

Glaceon - Winner!

  • Race: Terran Terran
  • League: Diamond

电脑难度(专家)

  • Race: Zerg Zerg

VOD

Have the link to the VOD?

Description

空投火车转生化坦克 流程

Time

  • Played on: Aug. 22, 2018, 9:16 a.m.
  • Length: 13:02
Show
View Real Time Build Order
Export as new Build Order

Glaceon Terran - Winner!

Build Orders: Hellion Opening, Reaper Expand, Bio Tank 

Get SALT Encoding   

  12  0:01  SCV  
  13  0:13  SCV  
  14  0:17  Supply Depot  
  14  0:25  SCV  
  15  0:38  SCV  
  15  0:40  Barracks  
  16  0:45  Refinery  
  16  0:54  SCV  
  17  1:06  SCV  
  19  1:18  SCV  
  19  1:28  Reaper  
  19  1:30  Orbital Command  
  20  1:42  Command Center  
  20  1:48  Refinery  
  20  2:00  Marine, Supply Depot  
  21  2:04  SCV  
  22  2:12  Factory  
  22  2:17  SCV  
  22  2:19  Barracks Reactor  
  23  2:29  SCV  
  24  2:41  SCV  
  25  2:53  SCV  
  26  3:02  Barracks Tech Lab  
  26  3:04  Starport, Hellion  
  26  3:05  Hellion  
  30  3:06  Orbital Command  
  30  3:07  SCV  
  31  3:19  SCV  
  32  3:22  Stimpack  
  32  3:26  Hellion  
  34  3:29  Hellion  
  34  3:31  SCV  
  34  3:32  SCV  
  38  3:41  Medivac  
  38  3:42  Supply Depot  
  38  3:47  Hellion  
  42  3:50  Hellion  
  42  3:52  SCV  
  42  3:53  SCV  
  46  4:04  SCV  
  46  4:05  SCV, Supply Depot  
  46  4:09  Hellion  
  50  4:12  Hellion  
  52  4:21  SCV x2  
  54  4:29  Command Center  
  54  4:32  Marine, Starport Tech Lab  
  54  4:33  SCV x2  
  57  4:45  Barracks  
  57  4:46  Factory Tech Lab  
  57  4:47  SCV x2  
  57  4:48  Supply Depot  
  57  4:52  Marine  
  60  4:53  Raven  
  60  4:58  Refinery  
  62  5:04  Engineering Bay  
  62  5:06  Engineering Bay  
  62  5:09  SCV  
  62  5:10  Armory  
  63  5:14  Marine  
  63  5:15  Siege Tank  
  63  5:17  SCV  
  68  5:23  Supply Depot  
  68  5:27  Combat Shields  
  68  5:31  Terran Infantry Weapons Level 1  
  68  5:35  Marine x2  
  69  5:38  Terran Infantry Armor Level 1  
  69  5:40  Marine  
  69  5:42  Orbital Command  
  71  5:43  Supply Depot  
  71  5:53  Siege Tank  
  71  5:55  SCV x2  
  71  5:56  Refinery  
  76  6:00  Marine x2  
  76  6:01  Marine  
  79  6:05  Barracks, Terran Vehicle Weapons Level 1  
  79  6:06  Orbital Command  
  79  6:08  SCV x2  
  81  6:15  Supply Depot  
  81  6:16  Supply Depot  
  81  6:26  SCV x2  
  81  6:32  SCV  
  84  6:38  SCV  
  85  6:40  SCV, Supply Depot  
  85  6:41  Marine x2  
  85  6:42  Marine  
  85  6:43  Siege Tank  
  85  6:44  SCV  
  93  6:47  Supply Depot  
  93  6:50  Factory  
  93  6:53  Starport Reactor  
  93  6:55  Barracks Reactor  
  93  6:58  SCV x2  
  93  6:59  Marine, SCV  
  93  7:00  Barracks  
  97  7:08  Supply Depot x2  
  97  7:10  SCV x2  
  97  7:11  Supply Depot, SCV, Marine  
  97  7:12  Marauder  
  97  7:13  Concussive Shells  
  103  7:17  Marine  
  103  7:18  Siege Tank  
  108  7:22  SCV  
  108  7:23  Refinery, SCV x2  
  108  7:28  Terran Infantry Weapons Level 2  
  110  7:34  Refinery, Marine, SCV  
  110  7:35  Marine x3, SCV x2  
  118  7:40  Marauder, Siege Tank  
  122  7:47  SCV x2  
  124  7:51  Medivac  
  124  7:52  Medivac, Marine x2  
  124  7:55  Marine  
  124  7:56  Marine  
  124  7:57  Marine  
  133  8:01  Marine, Siege Tank  
  133  8:03  SCV x2  
  133  8:04  SCV  
  140  8:08  Supply Depot  
  140  8:10  Marine x2  
  142  8:13  Marine  
  142  8:16  SCV x3  
  142  8:19  Terran Infantry Armor Level 2  
  146  8:21  Marine x3  
  146  8:24  Siege Tank  
  152  8:28  Marine x2, Command Center  
  152  8:29  Terran Vehicle And Ship Armor Level 1  
  152  8:31  Marine  
  155  8:36  Siege Tank  
  155  8:39  Marine x3  
  161  8:44  Barracks  
  161  8:46  Marine x2  
  163  9:02  Marine x2  
  164  9:06  Supply Depot  
  164  9:09  Supply Depot  
  165  9:10  Liberator  
  165  9:22  Liberator  
  165  9:26  Refinery  
  165  9:27  Marine x2  
  165  9:28  Siege Tank  
  165  9:30  Refinery, Marine x4, Siege Tank  
  180  9:32  Barracks Reactor  
  180  9:39  Planetary Fortress  
  183  9:45  Marine x2  
  183  9:48  Marine x4  
  183  9:49  Supply Depot  
  189  10:00  Siege Tank  
  189  10:03  Marine x2  
  189  10:06  Marine x4  
  155  10:14  Marine x2  
  147  10:15  Siege Tank  
  147  10:21  Marine x2  
  151  10:23  Marine x4  
  157  10:31  Marine  
  157  10:32  Marine, Siege Tank  
  162  10:39  Marine x2  
  162  10:40  Liberator x2  
  162  10:41  Marine x4  
  168  10:49  Marine  
  167  10:50  Marine  
  167  10:55  Siege Tank  
  167  10:57  Marine x2  
  167  10:59  Marine x4  
  181  11:04  Siege Tank  
  181  11:07  Marine x2  
  173  11:14  Marine x2  
  173  11:17  Marine x4  
  169  11:25  Marine x2  
  169  11:27  Siege Tank  
  169  11:32  Marine x2  
  174  11:35  Marine x4  
  174  11:36  Siege Tank  
  180  11:40  Medivac x2  
  180  11:43  Marine  
  182  12:00  Marine  
  182  12:01  Marine x7  
  187  12:02  Siege Tank  
  187  12:08  Siege Tank  
  187  12:18  Marine x3  
  187  12:19  Marine x5  
  195  12:36  Marine x5  
  200  12:47  Command Center  
  200  12:55  Command Center  
Show
View Real Time Build Order
Export as new Build Order

电脑难度(专家) Zerg 

Build Orders: Hatch First 

Get SALT Encoding   

  12  0:00  Drone  
  13  0:12  Overlord  
  13  0:16  Drone  
  14  0:31  Drone x2  
  14  0:34  Drone  
  17  0:53  Hatchery  
  17  0:56  Drone  
  17  1:12  Spawning Pool  
  17  1:13  Extractor  
  17  1:16  Drone  
  16  1:20  Drone  
  16  1:24  Drone  
  18  1:28  Drone  
  19  1:38  Overlord  
  19  1:49  Drone  
  20  1:59  Queen  
  20  2:00  Zergling x2  
  23  2:04  Drone  
  24  2:17  Queen  
  24  2:22  Drone  
  27  2:34  Roach Warren  
  27  2:36  Extractor  
  27  2:37  Drone  
  26  2:40  Drone  
  27  2:46  Overlord  
  27  2:50  Drone  
  28  2:53  Drone  
  28  2:56  Drone  
  30  3:00  Drone  
  30  3:02  Drone  
  32  3:06  Zergling x2  
  32  3:09  Zergling x2  
  34  3:14  Roach  
  34  3:18  Roach  
  38  3:22  Roach  
  38  3:26  Roach  
  42  3:28  Drone  
  42  3:31  Drone  
  44  3:36  Overlord  
  44  3:42  Lair  
  44  3:55  Drone x4  
  48  3:57  Drone  
  48  3:59  Drone  
  48  4:01  Drone  
  51  4:04  Drone  
  51  4:08  Overlord  
  52  4:26  Zergling x6, Drone x5  
  60  4:31  Overlord  
  60  4:34  Overlord  
  60  4:44  Hydralisk Den  
  60  4:45  Drone  
  60  4:46  Infestation Pit, Drone  
  60  4:49  Roach x2  
  60  4:51  Roach x2  
  68  4:54  Overlord  
  68  5:13  Hydralisk x2  
  70  5:14  Hydralisk, Drone  
  70  5:16  Hydralisk, Drone  
  70  5:19  Overlord  
  78  5:23  Hive  
  78  5:30  Infestor  
  78  5:34  Overlord  
  80  5:37  Overlord  
  80  5:41  Evolution Chamber, Drone  
  80  5:44  Evolution Chamber, Drone  
  80  5:47  Overlord  
  80  5:50  Overlord  
  81  5:57  Zergling x2  
  81  5:58  Zergling x2  
  81  5:59  Infestor  
  81  6:00  Zergling x2  
  81  6:01  Zergling x2  
  81  6:03  Zergling x2  
  87  6:04  Zergling x2  
  87  6:07  Overlord  
  87  6:10  Overlord  
  88  6:26  Infestor  
  88  6:28  Drone  
  88  6:29  Extractor  
  88  6:30  Extractor, Drone  
  88  6:31  Drone  
  91  6:35  Evolution Chamber  
  91  6:36  Drone  
  91  6:38  Hatchery  
  91  6:39  Drone  
  91  6:52  Drone x3  
  91  6:53  Drone x3  
  97  7:03  Ultralisk Cavern, Drone  
  97  7:26  Overseer  
  97  7:32  Metabolic Boost  
  97  7:42  Zerg Melee Weapons Level 1  
  97  7:45  Spine Crawler  
  97  7:49  Spine Crawler  
  97  7:50  Ultralisk, Drone x2  
  97  7:51  Drone x4  
  105  7:52  Drone x4  
  105  7:53  Drone x4  
  105  7:54  Drone  
  116  7:59  Drone  
  116  8:00  Drone  
  116  8:02  Extractor  
  116  8:03  Extractor  
  116  8:04  Drone  
  117  8:10  Drone x2  
  117  8:11  Zerg Missile Weapons Level 1, Ultralisk, Drone  
  126  8:14  Drone  
  127  8:21  Drone  
  127  8:24  Zerg Ground Armor Level 1, Overlord, Drone  
  127  8:25  Drone x2  
  132  8:27  Drone  
  132  8:32  Drone  
  133  8:39  Ultralisk  
  139  8:43  Overlord  
  139  8:51  Spore Crawler, Drone  
  139  8:52  Spore Crawler, Ultralisk  
  139  8:53  Drone  
  145  8:59  Queen  
  145  9:01  Infestor, Overlord  
  149  9:09  Spine Crawler, Drone  
  149  9:10  Pathogen Glands, Spore Crawler  
  149  9:12  Drone  
  149  9:27  Hatchery  
  148  9:34  Queen, Overlord  
  150  9:39  Zerg Melee Weapons Level 2  
  150  9:41  Hatchery  
  149  9:46  Spine Crawler  
  147  9:58  Spine Crawler  
  149  10:00  Infestor, Ultralisk x2  
  149  10:01  Zergling x2, Spore Crawler, Queen  
  149  10:02  Zergling x2, Drone, Baneling Nest  
  149  10:04  Hydralisk, Zergling x2  
  149  10:05  Zergling x10  
  149  10:06  Zergling x2  
  123  10:07  Roach  
  123  10:12  Roach  
  112  10:17  Hydralisk  
  112  10:19  Roach  
  112  10:20  Roach  
  112  10:23  Hydralisk  
  112  10:25  Spine Crawler  
  112  10:27  Spine Crawler  
  112  10:28  Hydralisk  
  107  10:30  Spine Crawler  
  107  10:31  Drone  
  107  10:34  Drone  
  108  10:37  Overseer  
  108  10:40  Drone  
  108  10:46  Baneling  
  108  10:47  Zergling x2  
  108  10:48  Zergling x2, Baneling  
  106  10:53  Drone  
  106  10:54  Drone x2  
  106  10:55  Zergling x4  
  72  11:11  Hydralisk  
  72  11:15  Drone  
  72  11:18  Drone  
  68  11:20  Drone  
  68  11:24  Roach  
  49  11:27  Roach  
  49  11:30  Roach  
  53  11:33  Hydralisk, Roach  
  53  11:37  Zergling x4  
  50  11:53  Hydralisk  
  49  11:57  Zergling x2  
  45  12:03  Roach  
  33  12:11  Zergling x2  
  28  12:20  Roach  
  26  12:29  Drone  
  19  12:41  Drone  
Tags
 
Add a new tag
Caveats
  • Supply blocks, unpowered buildings, or Contaminate may cause inaccurate times.
  • Supply counts are checked every 10 seconds.